 Dungeon Crawl Stone Soup version 0.21.0-3-g78d12a8 (webtiles) character file.

156 Monsterracer the Skirmisher (level 5, -2/72 HPs)
             Began as a Minotaur Conjurer on Jan 16, 2018.
             Slain by a worm (3 damage)
             ... on level 3 of the Dungeon.
             The game lasted 00:05:25 (2838 turns).

Monsterracer the Skirmisher (Minotaur Conjurer)     Turns: 2838, Time: 00:05:26

Health: -2/72      AC: 22    Str: 18    XL:     5   Next: 15%
Magic:  6/6        EV:  2    Int: 12    God:
Gold:   136        SH:  0    Dex: 11    Spells: 5/6 levels left

rFire    . . .     SeeInvis .   n - +0 hand axe
rCold    . . .     Gourm    .   (no shield)
rNeg     + + +     Faith    .   (armour currently unavailable)
rPois    +         Spirit   .   (helmet currently unavailable)
rElec    .         Reflect  .   (cloak currently unavailable)
rCorr    .         Harm     .   (gloves currently unavailable)
MR       .....     NoTele   +   (boots currently unavailable)
Stlth    ..........             (no amulet)
HPRegen  0.22/turn              k - ring of loudness (curse)
MPRegen  0.10/turn              (no ring)

@: mighty, tree-form, drained
A: (retaliatory headbutt)
a: no special abilities


You were on level 3 of the Dungeon.
You were not hungry.
You were a tree.
You visited 1 branch of the dungeon, and saw 4 of its levels.

You collected 136 gold pieces.

Inventory:

Hand Weapons
 n - a +0 hand axe (weapon)
Armour
 a - a +0 pair of gloves (melded)
 e - a +0 shield
 g - a +0 ring mail (melded)
 o - a +0 chain mail
Jewellery
 k - a cursed ring of loudness (left branch)
Scrolls
 f - 3 scrolls of identify
 i - a scroll of fear {unknown}
 l - a scroll of blinking {unknown}
 m - a scroll of enchant weapon {unknown}
Potions
 d - a potion of brilliance
Books
 b - a book of Conjurations

   Spells                             Type                      Level
   a - Magic Dart                     Conjuration                  1
   b - Searing Ray                    Conjuration                  2
   c - Dazzling Spray                 Conjuration/Hexes            3
   d - Fulminant Prism                Conjuration/Hexes            4
   e - Force Lance                    Conjuration/Translocation    4
   f - Iskenderun's Mystic Blast      Conjuration                  4
Comestibles
 c - 8 rations


   Skills:
 - Level 5.2(4.6) Fighting
 + Level 2.3(1.7) Axes
 - Level 2.1(1.5) Dodging
 - Level 1.5(0.9) Stealth
 - Level 1.3(0.7) Spellcasting
 - Level 2.9(2.3) Conjurations


You had 5 spell levels left.
You knew the following spells:

 Your Spells              Type           Power        Failure   Level  Hunger
a - Magic Dart            Conj           #...         12%         1    ##.....


Dungeon Overview and Level Annotations

Branches:
Dungeon (4/15)
 Temple: D:4-7

Altars:
Fedhas
Gozag
Trog

Annotations:
D:2 Sigmund
D:3 Edmund; feelmyfire's ghost, amateur DgTm
D:4 Grinder


Innate Abilities, Weirdness & Mutations

((You reflexively headbutt those who attack you in melee.))
((You have a pair of horns on your head.))


Message History

No target in view!
You see here a frilled lizard corpse.
c - 8 rations (gained 1)
Found a stone staircase leading up.
No target in view!
Grinder comes into view.
Grinder gestures at you. You resist with significant effort.
Grinder is nearby!
A leopard gecko, a hound and Edmund come into view.
Edmund is wielding a dire flail of draining.
Edmund shouts!
The hound barks!
The leopard gecko hisses angrily.
Edmund zaps a wand.
The puff of flame hits you!
It is a wand of flame (21).
You take 9 damage, and have 39/48 hp.
Okay, then.
An orc comes into view. It is wielding a short sword.
The orc shouts!
The hound bites you but does no damage. The hound barely misses you.
Grinder gestures at you. Pain shoots through your body!
A worm comes into view.
You take 2 damage, and have 37/48 hp.
The hound barely misses you.
The leopard gecko hisses menacingly.
Grinder barely misses you. The hound bites you but does no damage.
The leopard gecko closely misses you.
Grinder blinks!
A phantom comes into view.
A quokka comes into view.
Edmund hits you with a dire flail of draining!
You feel drained.
The orc drinks a potion.
The orc seems to speed up.
The leopard gecko closely misses you.
There is a stone staircase leading up here.
You take 11 damage, and have 26/48 hp.
MASSIVE DAMAGE!!
The hound bites you but does no damage.
Edmund hits you with a dire flail of draining!
* * * LOW HITPOINT WARNING * * *
You feel drained.
* * * LOW HITPOINT WARNING * * *
The leopard gecko barely misses you. The hound bites you.
* * * LOW HITPOINT WARNING * * *
The orc hits you but does no damage.
Grinder blinks!
You climb upwards.
Level annotation: feelmyfire's ghost, amateur DgTm
There is a stone staircase leading down here.
Unknown command.
Unknown command.
You take 16 damage, and have 10/48 hp.
MASSIVE DAMAGE!!
Unknown command.
Unknown command.
Okay, then.
As you read the scroll labeled COEDGH BEUTUSS, it crumbles to dust.
It is a scroll of identify.
d - a potion of brilliance The leopard gecko barely misses you.
The hound closely misses you. You furiously retaliate!
You headbutt the hound! The worm barely misses you.
As you read the scroll labeled WOGU PEUMNAZE, it crumbles to dust.
You feel aware of your surroundings.
You sensed 2 altars.
It was a scroll of magic mapping.
The hound bites you.
* * * LOW HITPOINT WARNING * * *
The leopard gecko bites you.
* * * LOW HITPOINT WARNING * * *
The hound bites you.
* * * LOW HITPOINT WARNING * * *
The leopard gecko barely misses you. You furiously retaliate!
You headbutt the leopard gecko.
You take 7 damage, and have 4/48 hp.
You feel better. The hound bites you.
* * * LOW HITPOINT WARNING * * *
The worm bites you!
* * * LOW HITPOINT WARNING * * *
The leopard gecko bites you but does no damage.
You take 2 damage, and have 2/48 hp.
Unknown command.
It was a potion of might.
You feel very mighty all of a sudden. The hound closely misses you.
The leopard gecko bites you but does no damage.
The hound misses you. The worm misses you.
It was a potion of lignification.
You turn into a tree.
Your +0 pair of gloves melds into your body.
Your +0 ring mail melds into your body.
Your roots penetrate the ground.
The hound bites you but does no damage. The leopard gecko bites you.
* * * LOW HITPOINT WARNING * * *
You now have 2/72 hp.
You miss the hound.
The hound is moderately wounded.
You hit the worm. You barely miss the leopard gecko.
The hound bites you but does no damage.
The leopard gecko bites you but does no damage.
The hound bites you but does no damage. The worm bites you but does no damage.
The leopard gecko bites you but does no damage.
You slash the hound!
The hound is severely wounded.
You slash the worm! You slash the leopard gecko!
You kill the leopard gecko!
The hound bites you but does no damage. The hound bites you.
* * * LOW HITPOINT WARNING * * *
The worm bites you.
You die...

**************###
*,,,,,,,,,,,,,..#
#).....#*****##.##
#......# #####
##......# *##♣##*
........# #8wh@8#
........####*#.....#*
#...........#8.....8#
........######.....##
,#..........##8...8#
.##...##....##.....##
.*##........#8.....8*
.##...##....##.....#*


You could see Edmund, a worm and a hound.

Vanquished Creatures
  Terence (D:2)
  7 adders
  An ooze (D:3)
  A dart slug (D:2)
  3 leopard geckos
  An orc (D:4)
  A ball python (D:3)
  8 bats
  5 giant cockroaches
  7 goblins
  3 hobgoblins (D:1)
  3 jackals
  4 quokkas
  7 frilled lizards
  2 kobolds (D:1)
  8 rats
62 creatures vanquished.

Notes
Turn   | Place    | Note
-------+----------+-------------------------------------------
     0 | D:1      | Monsterracer the Minotaur Conjurer began the quest for the Orb.
     0 | D:1      | Reached XP level 1. HP: 14/14 MP: 1/1
   103 | D:1      | Reached skill level 1 in Fighting
   161 | D:1      | Reached skill level 2 in Fighting
   161 | D:1      | Reached XP level 2. HP: 23/24 MP: 3/3
   531 | D:1      | Reached skill level 3 in Fighting
   687 | D:1      | Reached XP level 3. HP: 31/31 MP: 4/4
  1200 | D:2      | Reached skill level 4 in Fighting
  1224 | D:2      | Noticed Terence
  1250 | D:2      | HP: 11/33 [Terence/trident (6)]
  1344 | D:3      | HP: 15/33 [quokka (2)]
  1525 | D:2      | Killed Terence
  1525 | D:2      | Reached XP level 4. HP: 29/41 MP: 5/5
  1697 | D:2      | Noticed Sigmund
  1742 | D:2      | HP: 15/41 [something/puff of flame (8)]
  2034 | D:3      | Reached skill level 5 in Fighting
  2038 | D:3      | HP: 21/42 [poisoned by an adder]
  2044 | D:3      | HP: 19/42 [poisoned by an adder]
  2051 | D:3      | HP: 18/42 [poisoned by an adder]
  2059 | D:3      | HP: 17/42 [poisoned by an adder]
  2104 | D:3      | Noticed feelmyfire's ghost (amateur DgTm)
  2250 | D:3      | Found an opulent altar of Gozag.
  2266 | D:3      | Found a bloodstained altar of Trog.
  2307 | D:3      | Reached skill level 1 in Axes
  2309 | D:3      | HP: 20/42 [feelmyfire's ghost (4)]
  2316 | D:3      | HP: 6/42 [feelmyfire's ghost (7)]
  2318 | D:3      | HP: 2/42 [feelmyfire's ghost (4)]
  2355 | D:2      | Found a blossoming altar of Fedhas.
  2358 | D:2      | HP: 4/42 [adder (4)]
  2379 | D:2      | HP: 5/42 [adder (1)]
  2384 | D:2      | HP: 5/42 [bat (1)]
  2402 | D:2      | HP: 6/42 [adder (1)]
  2418 | D:3      | HP: 7/42 [adder (2)]
  2452 | D:4      | HP: 6/42 [orc/tomahawk (5)]
  2487 | D:4      | Reached XP level 5. HP: 13/48 MP: 6/6
  2588 | D:4      | HP: 24/48 [poisoned by an adder]
  2595 | D:4      | HP: 23/48 [poisoned by an adder]
  2603 | D:4      | HP: 23/48 [poisoned by an adder]
  2823 | D:4      | Noticed Grinder
  2825 | D:4      | Noticed Edmund
  2829 | D:4      | Noticed a phantom
  2830 | D:4      | HP: 16/48 [Edmund/dire flail of draining (10)]
  2833 | D:3      | HP: 6/48 [hound (5)]
  2834 | D:3      | HP: 2/48 [worm (7)]
  2838 | D:3      | Slain by a worm

Skill      XL: |  1  2  3  4 |
---------------+-------------+-----
Fighting       | 2 3 4 5 |  5.2
Axes           | 2 |  2.3
Dodging        | |  2.1
Stealth        | |  1.5
Spellcasting   | |  1.3
Conjurations   | |  2.9

Action                   |  1- 3 |  4- 6 || total
-------------------------+-------+-------++-------
Melee: Spear             |   151 |       ||   151
       Headbutt          |    12 |     7 ||    19
       Trident           |       |    43 ||    43
       Hand axe          |       |    16 ||    16
  Use: Potion            |       |     4 ||     4
       Scroll            |       |     2 ||     2
 Stab: Sleeping          |     5 |       ||     5
  Eat: Chunk             |     2 |     4 ||     6
Armor: Robe              |     9 |       ||     9
       Ring mail         |    24 |    57 ||    81
       Skin              |       |     7 ||     7
Dodge: Dodged            |    67 |    78 ||   145

Vault maps used:
D:1:      dpeg_arrival_oval, serial_forest, infiniplex_forest_lined_2,
          infiniplex_forest_lined_ring, infiniplex_forest_lined_2,
          infiniplex_forest_lined_4_way, infiniplex_forest_clump_double,
          infiniplex_forest_end_2, infiniplex_forest_straight_4,
          infiniplex_forest_straight_3, minmay_misc_feat_secret_circle,
          kennysheep_decorative_pillar, minmay_misc_feat_hallway
D:2:      old_standard_altar, minitemple, nemelex_xobeh_ov_fountains_minmay,
          grunt_decor_clamped, uniq_sigmund, uniq_terence
D:3:      cheibrodos_helix_gallery, overflow_temple_1_default,
          nicolae_overflow_hidden_temple, tgw_sif, makhleb_altar_promises_db
D:4:      guppyfry_early_lair_pool, uniq_grinder, uniq_edmund
